MLB
ST. LOUIS CARDINALS @ CHICAGO CUBS
05/04/2019
 
TOP OF THE 1ST
St. Louis Cardinals batting - Pitching for Chicago Cubs : RHP Dennis Santana
Pitching: RHP Dennis Santana
Batting: SHB Ozzie Albies 0-0: Ball
1-0: Called Strike
1-1: SINGLE (Flyball, 78S, EV 82.5 MPH)
Batting: RHB Alex Bregman 0-0: Ball
1-0: Ball
2-0: Ball
3-0: Called Strike
3-1: Called Strike
3-2: SINGLE (Groundball, 56D, EV 106.9 MPH)
Ozzie Albies to second
Ozzie Albies to third
Batting: RHB Jose Alberto Martinez 0-0: Called Strike
0-1: Ball
1-1: Foul Ball, location: 2F
1-2: Foul Ball, location: 2F
1-2: Strikes out swinging
Batting: LHB Matt Olson 0-0: Ball
1-0: Foul Ball, location: 2F
1-1: Foul Ball, location: 2F
1-2: Strikes out swinging
Batting: LHB Alex Avila 0-0: Called Strike
0-1: Swinging Strike
0-2: Foul Ball, location: 2F
0-2: Ball
Wild Pitch!
Ozzie Albies scores
Alex Bregman to second
1-2: Strikes out looking
Top of the 1st over - 1 run, 2 hits, 0 errors, 1 left on base; St. Louis 1 - Chicago 0
BOTTOM OF THE 1ST
Chicago Cubs batting - Pitching for St. Louis Cardinals : RHP Chris Bassitt
Pitching: RHP Chris Bassitt
Batting: RHB Paul DeJong 0-0: Called Strike
0-1: Called Strike
0-2: Foul Ball, location: 2F
0-2: DOUBLE (Line Drive, 7LD, EV 113.1 MPH)
Batting: SHB Ehire Adrianza 0-0: Ball
1-0: Foul Ball, location: 2F
1-1: Fly out, F8 (Line Drive, 8LM, EV 88.8 MPH)
Batting: LHB Cody Bellinger 0-0: Called Strike
0-1: SINGLE (Line Drive, 4D, EV 98.1 MPH)
Paul DeJong to third
Batting: RHB Justin Upton 0-0: Ball
1-0: Ball
2-0: Ball
3-0: Called Strike
3-1: DOUBLE (Line Drive, 7LS, EV 106.3 MPH)
Paul DeJong scores
Cody Bellinger to third
Runner from 3rd tries for Home, SAFE, throw by LF to home
Batting: RHB Michael A. Taylor 0-0: Ball
1-0: Ball
2-0: Called Strike
2-1: Foul Ball, location: 2F
2-2: Ground out 5-3 (Groundball, 56, EV 85.6 MPH)
Batting: LHB Brandon Lowe 0-0: Ball
1-0: Swinging Strike
1-1: Ball
2-1: Called Strike
2-2: Ball
3-2: Foul Ball, location: 2F
3-2: Strikes out swinging
Bottom of the 1st over - 2 runs, 3 hits, 0 errors, 1 left on base; St. Louis 1 - Chicago 2
TOP OF THE 2ND
St. Louis Cardinals batting - Pitching for Chicago Cubs : RHP Dennis Santana
Batting: LHB Brett Phillips 0-0: Ball
1-0: Swinging Strike
1-1: Ground out 5-3 (Groundball, 56, EV 99.4 MPH)
Batting: RHB Harrison Bader 0-0: Ball
1-0: Foul Ball, location: 2F
1-1: Ball
2-1: Ground out 5-3 (Groundball, 5L, EV 83.1 MPH)
Batting: RHB Hernan Perez 0-0: Fly out, F8 (Flyball, 78S, EV 85.0 MPH)
Top of the 2nd over - 0 runs, 0 hits, 0 errors, 0 left on base; St. Louis 1 - Chicago 2
BOTTOM OF THE 2ND
Chicago Cubs batting - Pitching for St. Louis Cardinals : RHP Chris Bassitt
Batting: RHB Willson Contreras 0-0: Foul Ball, location: 2F
0-1: Ball
1-1: Foul Ball, location: 2F
1-2: Hit by Pitch
Batting: RHB Jedd Gyorko 0-0: Swinging Strike
0-1: Ball
1-1: Foul Ball, location: 2F
1-2: Ball
2-2: Foul Ball, location: 2F
2-2: SINGLE (Groundball, 56D, EV 104.4 MPH)
Willson Contreras to second
Batting: RHB Dennis Santana 0-0: Ball
1-0: Sac Bunt to 13 - play at first, batter OUT! 1-4
Willson Contreras to third
Jedd Gyorko to second
Batting: RHB Paul DeJong 0-0: Ball
1-0: Swinging Strike
1-1: Ball
2-1: Foul Ball, location: 2F
2-2: Foul Ball, location: 2F
2-2: Strikes out looking
Batting: SHB Ehire Adrianza 0-0: Ball
1-0: Foul Ball, location: 2F
1-1: Called Strike
1-2: Strikes out swinging
Bottom of the 2nd over - 0 runs, 1 hit, 0 errors, 2 left on base; St. Louis 1 - Chicago 2
TOP OF THE 3RD
St. Louis Cardinals batting - Pitching for Chicago Cubs : RHP Dennis Santana
Batting: RHB Chris Bassitt 0-0: SINGLE (Groundball, 6, EV 87.5 MPH) (infield hit)
Batting: SHB Ozzie Albies 0-0: Ball
1-0: Ball
2-0: 2-RUN HOME RUN (Flyball, 89XD, EV 94.4 MPH), Distance : 390 ft
Batting: RHB Alex Bregman 0-0: Called Strike
0-1: Ball
1-1: SINGLE (Flyball, 34D, EV 90.6 MPH)
Batting: RHB Jose Alberto Martinez 0-0: Foul Ball, location: 2F
0-1: Ball
1-1: Foul Ball, location: 2F
1-2: Strikes out swinging
Batting: LHB Matt Olson 0-0: Ball
1-0: Ball
2-0: Called Strike
2-1: DOUBLE (Flyball, 78XD, EV 96.3 MPH)
Alex Bregman to third
Runner from 3rd tries for Home, SAFE, no throw by CF
Batting: LHB Alex Avila 0-0: Called Strike
0-1: Ball
1-1: Ball
2-1: Ball
3-1: Called Strike
3-2: SINGLE (Flyball, 78M, EV 100.0 MPH)
Matt Olson to third
Runner from 3rd tries for Home, SAFE, no throw by CF
Batting: LHB Brett Phillips 0-0: Ball
1-0: Ball
2-0: Ball
3-0: Called Strike
3-1: Called Strike
3-2: Strikes out swinging
Pitching: RHP David Paulino
Batting: RHB Harrison Bader 0-0: Ball
1-0: Called Strike
1-1: Swinging Strike
1-2: Ball
2-2: Strikes out swinging
Top of the 3rd over - 4 runs, 5 hits, 0 errors, 1 left on base; St. Louis 5 - Chicago 2
BOTTOM OF THE 3RD
Chicago Cubs batting - Pitching for St. Louis Cardinals : RHP Chris Bassitt
Batting: LHB Cody Bellinger 0-0: Foul Ball, location: 2F
0-1: Ball
1-1: Fly out, F6 (Flyball, 4MD, EV 88.8 MPH)
Batting: RHB Justin Upton 0-0: Fly out, F7 (Flyball, 7S, EV 81.3 MPH)
Batting: RHB Michael A. Taylor 0-0: Foul Ball, location: 2F
0-1: Swinging Strike
0-2: Foul Ball, location: 2F
0-2: Strikes out swinging
Bottom of the 3rd over - 0 runs, 0 hits, 0 errors, 0 left on base; St. Louis 5 - Chicago 2
TOP OF THE 4TH
St. Louis Cardinals batting - Pitching for Chicago Cubs : RHP David Paulino
Batting: RHB Hernan Perez 0-0: Ball
1-0: Called Strike
1-1: Fly out, F7 (Line Drive, 7, EV 86.9 MPH)
Batting: RHB Chris Bassitt 0-0: Foul Ball, location: 2F
0-1: Called Strike
0-2: Strikes out swinging
Batting: SHB Ozzie Albies 0-0: Called Strike
0-1: Ball
1-1: Foul Ball, location: 2F
1-2: Ball
2-2: Ball
3-2: Strikes out looking
Top of the 4th over - 0 runs, 0 hits, 0 errors, 0 left on base; St. Louis 5 - Chicago 2
BOTTOM OF THE 4TH
Chicago Cubs batting - Pitching for St. Louis Cardinals : RHP Chris Bassitt
Batting: LHB Brandon Lowe 0-0: Ball
1-0: Ball
2-0: Ball
3-0: Called Strike
3-1: Base on Balls
Batting: RHB Willson Contreras 0-0: Ball
1-0: Ball
2-0: Grounds into double play, 6-4-3 (Groundball, 6, EV 88.1 MPH)
Batting: RHB Jedd Gyorko 0-0: Ball
1-0: Fly out, F9 (Flyball, 9S, EV 78.8 MPH)
Bottom of the 4th over - 0 runs, 0 hits, 0 errors, 0 left on base; St. Louis 5 - Chicago 2
TOP OF THE 5TH
St. Louis Cardinals batting - Pitching for Chicago Cubs : RHP David Paulino
Batting: RHB Alex Bregman 0-0: Ball
1-0: Called Strike
1-1: Foul Ball, location: 2F
1-2: Ball
2-2: Foul Ball, location: 2F
2-2: Ball
3-2: Foul Ball, location: 2F
3-2: Base on Balls
Batting: RHB Jose Alberto Martinez 0-0: Ball
1-0: Foul Ball, location: 2F
1-1: Swinging Strike
1-2: Fly out, F8 (Flyball, 89XD, EV 104.4 MPH)
Batting: LHB Matt Olson 0-0: Ball
Alex Bregman steals 2nd base
1-0: Swinging Strike
1-1: Called Strike
1-2: Fly out, F8 (Flyball, 8RM, EV 88.1 MPH)
Batting: LHB Alex Avila 0-0: Called Strike
0-1: SINGLE (Groundball, 34D, EV 110.0 MPH)
Alex Bregman to third
Pitching: RHP Jacob Faria
Now at 2B: Lourdes Gurriel Jr.
Batting: LHB Brett Phillips 0-0: DOUBLE (Flyball, 89D, EV 88.8 MPH)
Alex Bregman scores
Alex Avila to third
Runner from 3rd tries for Home, SAFE, throw by RF to home
Batting: RHB Harrison Bader 0-0: Called Strike
0-1: Ball
1-1: Ball
2-1: Foul Ball, location: 2F
2-2: Strikes out swinging
Top of the 5th over - 2 runs, 2 hits, 0 errors, 1 left on base; St. Louis 7 - Chicago 2
BOTTOM OF THE 5TH
Chicago Cubs batting - Pitching for St. Louis Cardinals : RHP Chris Bassitt
Batting: RHB Lourdes Gurriel Jr. 0-0: Ball
1-0: Ball
2-0: Swinging Strike
2-1: Foul Ball, location: 2F
2-2: Foul Ball, location: 2F
2-2: Foul Ball, location: 2F
2-2: Foul Ball, location: 2F
2-2: Fly out, F8 (Flyball, 8LM, EV 80.6 MPH)
Pitching: RHP Cory Gearrin
Batting: RHB Paul DeJong 0-0: Ball
1-0: Called Strike
1-1: Swinging Strike
1-2: Fly out, F9 (Flyball, 9D, EV 93.1 MPH)
Batting: SHB Ehire Adrianza 0-0: Swinging Strike
0-1: Ball
1-1: Called Strike
1-2: Ball
2-2: Ball
3-2: Base on Balls
Batting: LHB Cody Bellinger 0-0: Called Strike
0-1: Ball
1-1: Foul Ball, location: 2F
1-2: Foul Ball, location: 2F
1-2: SINGLE (Groundball, 34D, EV 106.9 MPH)
Ehire Adrianza to second
Runner from 2nd tries for 3rd, SAFE, throw by RF made to third
Batting: RHB Justin Upton 0-0: Ball
1-0: Ball
2-0: Ball
3-0: Base on Balls
Cody Bellinger to second
Pitching: RHP Marcos Diplan
Now in RF: Austin Meadows
Batting: RHB Michael A. Taylor 0-0: Called Strike
0-1: Ball
1-1: Foul Ball, location: 2F
1-2: Strikes out swinging
Bottom of the 5th over - 0 runs, 1 hit, 0 errors, 3 left on base; St. Louis 7 - Chicago 2
TOP OF THE 6TH
St. Louis Cardinals batting - Pitching for Chicago Cubs : RHP Jacob Faria
Batting: RHB Hernan Perez 0-0: Called Strike
0-1: Ground out 5-3 (Groundball, 56S, EV 80.0 MPH)
Batting: LHB Austin Meadows 0-0: Ground out 6-3 (Groundball, 4MS, EV 87.5 MPH)
Batting: SHB Ozzie Albies 0-0: Ball
1-0: Foul Ball, location: 2F
1-1: Foul Ball, location: 2F
1-2: Ball
2-2: DOUBLE (Line Drive, 9LM, EV 96.3 MPH)
Batting: RHB Alex Bregman 0-0: Foul Ball, location: 2F
0-1: Foul Ball, location: 2F
0-2: Ball
1-2: Ball
2-2: Ground out 3-1 (Groundball, 34, EV 83.1 MPH)
Top of the 6th over - 0 runs, 1 hit, 0 errors, 1 left on base; St. Louis 7 - Chicago 2
BOTTOM OF THE 6TH
Chicago Cubs batting - Pitching for St. Louis Cardinals : RHP Marcos Diplan
Batting: LHB Brandon Lowe 0-0: Ground out 6-3 (Groundball, 6S, EV 73.8 MPH)
Batting: RHB Willson Contreras 0-0: Called Strike
0-1: Foul Ball, location: 2F
0-2: Ball
1-2: Ball
2-2: Foul Ball, location: 2F
2-2: Ball
3-2: Base on Balls
Pinch Hitting: RHB Stephen Piscotty 0-0: Called Strike
0-1: Ball
1-1: Ball
2-1: Swinging Strike
2-2: Strikes out swinging
Batting: RHB Lourdes Gurriel Jr. 0-0: Called Strike
0-1: Foul Ball, location: 2F
0-2: Fly out, F8 (Flyball, 8RM, EV 89.4 MPH)
Bottom of the 6th over - 0 runs, 0 hits, 0 errors, 1 left on base; St. Louis 7 - Chicago 2
TOP OF THE 7TH
St. Louis Cardinals batting - Pitching for Chicago Cubs : RHP Jacob Faria
Pitching: RHP Marco Estrada
Batting: RHB Jose Alberto Martinez 0-0: Ball
1-0: Called Strike
1-1: Called Strike
1-2: Foul Ball, location: 2F
1-2: Strikes out looking
Batting: LHB Matt Olson 0-0: Ball
1-0: Ground out 5-3 (Groundball, 5S, EV 68.8 MPH)
Batting: LHB Alex Avila 0-0: Called Strike
0-1: Called Strike
0-2: SINGLE (Groundball, 4MD, EV 95.0 MPH)
Batting: LHB Brett Phillips 0-0: Ball
1-0: Called Strike
1-1: Swinging Strike
1-2: Ball
2-2: Foul Ball, location: 2F
2-2: Strikes out looking
Top of the 7th over - 0 runs, 1 hit, 0 errors, 1 left on base; St. Louis 7 - Chicago 2
BOTTOM OF THE 7TH
Chicago Cubs batting - Pitching for St. Louis Cardinals : RHP Marcos Diplan
Batting: RHB Paul DeJong 0-0: Fly out, F7 (Flyball, 7, EV 83.8 MPH)
Batting: SHB Ehire Adrianza 0-0: Ball
1-0: Ground out 4-3 (Groundball, 4, EV 88.1 MPH)
Batting: LHB Cody Bellinger 0-0: Ball
1-0: Ball
2-0: Ball
3-0: Foul Ball, location: 2F
3-1: Ground out 4-3 (Groundball, 34D, EV 103.1 MPH)
Bottom of the 7th over - 0 runs, 0 hits, 0 errors, 0 left on base; St. Louis 7 - Chicago 2
TOP OF THE 8TH
St. Louis Cardinals batting - Pitching for Chicago Cubs : RHP Marco Estrada
Pinch Hitting: RHB Taylor Ward 0-0: Ball
1-0: Foul Ball, location: 2F
1-1: Swinging Strike
1-2: Ball
2-2: Fly out, F5 (Popup, 56S, EV 84.4 MPH)
Batting: RHB Hernan Perez 0-0: Ball
1-0: Fly out, F7 (Flyball, 78M, EV 85.6 MPH)
Batting: LHB Austin Meadows 0-0: Called Strike
0-1: Ground out 6-3 (Groundball, 6, EV 78.1 MPH)
Top of the 8th over - 0 runs, 0 hits, 0 errors, 0 left on base; St. Louis 7 - Chicago 2
BOTTOM OF THE 8TH
Chicago Cubs batting - Pitching for St. Louis Cardinals : RHP Marcos Diplan
Pitching: RHP Zack Littell
Batting: RHB Justin Upton 0-0: Called Strike
0-1: Ball
1-1: Swinging Strike
1-2: Foul Ball, location: 2F
1-2: Strikes out swinging
Batting: RHB Michael A. Taylor 0-0: Swinging Strike
0-1: Ball
1-1: Ball
2-1: Foul Ball, location: 2F
2-2: Fly out, F4 (Popup, 34, EV 63.8 MPH)
Batting: LHB Brandon Lowe 0-0: Ball
1-0: Swinging Strike
1-1: DOUBLE (Line Drive, 5D, EV 93.8 MPH)
Batting: RHB Willson Contreras 0-0: Swinging Strike
0-1: Swinging Strike
0-2: Ball
1-2: Strikes out swinging
Bottom of the 8th over - 0 runs, 1 hit, 0 errors, 1 left on base; St. Louis 7 - Chicago 2
TOP OF THE 9TH
St. Louis Cardinals batting - Pitching for Chicago Cubs : RHP Marco Estrada
Batting: SHB Ozzie Albies 0-0: Ball
1-0: Ball
2-0: Called Strike
2-1: Ball
3-1: Foul Ball, location: 2F
3-2: Base on Balls
Batting: RHB Alex Bregman 0-0: Called Strike
0-1: Foul Ball, location: 2F
0-2: Strikes out looking
Batting: RHB Jose Alberto Martinez 0-0: Ball
Ozzie Albies steals 2nd base
1-0: Called Strike
1-1: Ball
2-1: Foul Ball, location: 2F
2-2: Foul Ball, location: 2F
2-2: Ball
3-2: Foul Ball, location: 2F
3-2: Foul Ball, location: 2F
3-2: Ground out 5-3 (Groundball, 56S, EV 88.8 MPH)
Batting: LHB Matt Olson 0-0: Ball
1-0: DOUBLE (Line Drive, 7LD, EV 99.4 MPH)
Ozzie Albies scores
Batting: LHB Alex Avila 0-0: Ball
1-0: Ball
2-0: Foul Ball, location: 2F
2-1: SINGLE (Groundball, 56, EV 108.1 MPH) (infield hit)
Matt Olson to third
Batting: LHB Brett Phillips 0-0: Fly out, F9 (Flyball, 9D, EV 107.5 MPH)
Top of the 9th over - 1 run, 2 hits, 0 errors, 2 left on base; St. Louis 8 - Chicago 2
BOTTOM OF THE 9TH
Chicago Cubs batting - Pitching for St. Louis Cardinals : RHP Zack Littell
Pinch Hitting: SHB Yoan Moncada 0-0: Foul Ball, location: 2F
0-1: SINGLE (Groundball, 56S, EV 70.6 MPH) (infield hit)
Batting: RHB Lourdes Gurriel Jr. 0-0: Ball
1-0: Foul Ball, location: 2F
1-1: Foul Ball, location: 2F
1-2: Ground out 4-3 (Groundball, 4S, EV 83.1 MPH)
Yoan Moncada to second
Batting: RHB Paul DeJong 0-0: Called Strike
0-1: Ball
1-1: 2-RUN HOME RUN (Flyball, 78XD, EV 99.4 MPH), Distance : 385 ft
Batting: SHB Ehire Adrianza 0-0: Ball
1-0: Ball
2-0: Called Strike
2-1: Foul Ball, location: 2F
2-2: Foul Ball, location: 2F
2-2: SINGLE (Flyball, 78M, EV 88.8 MPH)
Pitching: LHP David Oca
Batting: LHB Cody Bellinger 0-0: Called Strike
0-1: Foul Ball, location: 2F
0-2: Foul Ball, location: 2F
0-2: Ball
1-2: Fly out, F8 (Flyball, 8LXD, EV 102.5 MPH)
Batting: RHB Justin Upton 0-0: Ball
1-0: Swinging Strike
1-1: Swinging Strike
1-2: Strikes out swinging
Bottom of the 9th over - 2 runs, 3 hits, 0 errors, 1 left on base; St. Louis 8 - Chicago 4
Tuesday, August 6th, 2019 - OOTP Baseball 20.6 Build 54